 Dungeon Crawl Stone Soup version 0.18.1-48-g4cf74bf (webtiles) character file.

13 HolyGrifer the Firebug (level 2, 0/20 HPs)
             Began as a Draconian Fire Elementalist on Aug 16, 2016.
             Slain by a rat (2 damage)
             ... on level 1 of the Dungeon.
             The game lasted 00:03:47 (448 turns).

HolyGrifer the Firebug (Draconian Fire Elementalist) Turns: 448, Time: 00:03:48

Health: 0/20       AC:  4    Str: 10    XL:     2   Next: 24%
Magic:  1/5        EV: 12    Int: 15    God:
Gold:   7          SH:  0    Dex: 11    Spells: 1 memorised, 4 levels left

rFire  . . .     SeeInvis .     (no weapon)
rCold  . . .     Gourm    .     (armour unavailable)
rNeg   . . .     Faith    .     (no shield)
rPois  .         Spirit   .     (helmet restricted)
rElec  .         Dismiss  .     (no cloak)
rCorr  .         Reflect  .     (no gloves)
SustAt .         Harm     .     (no boots)
MR     .....                    (no amulet)
Stlth  +++.......               (no ring)
                                e - ring of stealth

@: very slightly contaminated, not resistant to hostile enchantments, fairly
stealthy
A: unfitting armour, cold-blooded, AC +4
a: no special abilities


You were on level 1 of the Dungeon.
You were not hungry.

You visited 1 branch of the dungeon, and saw 1 of its levels.

You collected 7 gold pieces.

Inventory:

Missiles
 g - 8 poisoned needles
Jewellery
 e - a ring of stealth (left hand)
Scrolls
 d - a scroll of fog {unknown}
 h - 3 scrolls of identify {unknown}
Potions
 f - a potion of might {unknown}
Books
 a - a book of Flames

   Spells                             Type                      Level
   a - Flame Tongue                   Conjuration/Fire             1
   b - Throw Flame                    Conjuration/Fire             2
   c - Conjure Flame                  Conjuration/Fire             3
   d - Inner Flame                    Hexes/Fire                   3
   e - Sticky Flame                   Conjuration/Fire             4
   f - Fireball                       Conjuration/Fire             5
Comestibles
 b - 3 bread rations
 c - 2 fruits


   Skills:
 + Level 2.0 Dodging
 - Level 1.7 Stealth
 + Level 2.1 Spellcasting
 + Level 1.0 Conjurations
 + Level 3.4 Fire Magic


You had 4 spell levels left.
You knew the following spells:

 Your Spells              Type           Power        Failure   Level  Hunger
a - Flame Tongue          Conj/Fire      #....        12%         1    #......


Dungeon Overview and Level Annotations

Branches:
Dungeon (1/15)

Altars:


Innate Abilities, Weirdness & Mutations

Your plain brown scales are hard (AC +4).
Your body does not fit into most forms of armour.
You are cold-blooded and may be slowed by cold attacks.


Message History

You miscast Flame Tongue.
You are very lightly contaminated with residual magic.
Nothing appears to happen.
The rat bites you.
* * * LOW HITPOINT WARNING * * *
The rat bites you but does no damage. The hobgoblin hits you.
* * * LOW HITPOINT WARNING * * *
There is an open door here.
The hobgoblin closely misses you.
The rat twitches its whiskers.
Casting: Flame Tongue
Confirm with . or Enter, or press ? or * to list all spells.
Aiming: Flame Tongue
Press: ? - help, Shift-Dir - straight line, f/p - rat
Aim: a rat The flame tongue hits the hobgoblin.
You kill the hobgoblin!
You hit the rat but do no damage.
Your tail-slap misses the rat.
The rat bites you.
You die...

......##......## #≈...≈######
#####
#..........####≈...≈#.....
....#
##............#≈...≈#.####
....# #............#≈≈.≈≈###
....#####............###'####
[..................÷.......>#
....##..##########.##.#######
....#######.'....####.#####
....# ##..###..r@#........#
....# #.....#'####........#
#######)#.......##........#
####g...#'##.....#........#
.....##.#..####..)........#
..>.....#..# #'#.#.......#
#######.#..# ...##........#
#.#.<##...###.......#
#.######### #.......#


You could see a rat.

Vanquished Creatures
  2 dart slugs (D:1)
  A goblin (D:1)
  2 hobgoblins (D:1)
  2 bats (D:1)
  A giant newt (D:1)
  A kobold (D:1)
  A rat (D:1)
10 creatures vanquished.

Notes
Turn   | Place    | Note
--------------------------------------------------------------
     0 | D:1      | HolyGrifer the Draconian Fire Elementalist began the quest for the Orb.
     0 | D:1      | Reached XP level 1. HP: 14/14 MP: 3/3
   388 | D:1      | Reached XP level 2. HP: 16/20 MP: 3/5
   442 | D:1      | HP: 1/20 [hobgoblin (1)]
   448 | D:1      | Slain by a rat

Skill      XL: |  1 |
---------------+----+-----
Dodging        | 2 |  2.0
Stealth        | |  1.7
Spellcasting   | |  2.1
Conjurations   | |  1.0
Fire Magic     | |  3.4

Action                   || total
-------------------------++-------
Melee: Unarmed           ||    18
 Cast: Flame Tongue      ||    13
Armor: Skin              ||    14
Dodge: Dodged            ||    25
